 Dungeon Crawl Stone Soup version 0.23.2 (webtiles) character file.

Game seed: 2648832474007251868

219 Borgoz the Cutter (level 5, -8/32 HPs)
             Began as a Gargoyle Gladiator on Apr 9, 2019.
             Killed by divine providence
             ... invoked by an orc priest
              (11 damage)
             ... on level 3 of the Dungeon.
             The game lasted 00:02:58 (2006 turns).

Borgoz the Cutter (Gargoyle Gladiator)              Turns: 2006, Time: 00:02:59

Health: -8/32      AC:  8    Str: 16 (17) XL:     5   Next: 96%
Magic:  5/5        EV: 13    Int:  7 (9)  God:
Gold:   116        SH:  0    Dex: 12      Spells: 4/4 levels left

rFire    . . .     SeeInvis .   a - +0 rapier
rCold    . . .     Gourm    .   (no shield)
rNeg     + . .     Faith    .   b - +0 leather armour
rPois    ∞         Spirit   .   c - +0 helmet
rElec    +         Reflect  .   (no cloak)
rCorr    .         Harm     .   (no gloves)
MR       .....                  (no boots)
Stlth    ++........             (no amulet)
HPRegen  0.10/turn              (no ring)
MPRegen  0.09/turn              (no ring)

@: no status effects
A: negative energy resistance 1, electricity resistance, unbreathing,
petrification resistance, rot immunity, AC +4
a: no special abilities


You were on level 3 of the Dungeon.
You were not hungry.

You visited 1 branch of the dungeon, and saw 3 of its levels.

You collected 116 gold pieces.

Inventory:

Hand Weapons
 a - a +0 rapier (weapon)
Missiles
 d - a throwing net (quivered)
Armour
 b - a +0 leather armour (worn)
 c - a +0 helmet (worn)
Wands
 p - a wand of digging (8)
Scrolls
 e - 4 scrolls of teleportation {unknown}
 g - 3 scrolls of identify {unknown}
 j - a scroll of blinking {unknown}
 k - a scroll of immolation {unknown}
 n - a scroll of enchant armour {unknown}
 o - 3 scrolls of remove curse {unknown}
 q - a scroll of enchant weapon {unknown}
Potions
 i - 2 potions of flight
Comestibles
 f - 4 rations
 h - a chunk of flesh


   Skills:
 + Level 3.1 Fighting
 * Level 4.0 Short Blades
 - Level 1.7 Throwing
 + Level 1.9 Armour
 * Level 3.4 Dodging
 + Level 2.0 Stealth


You had 4 spell levels left.
You didn't know any spells.
Your spell library was empty.

Dungeon Overview and Level Annotations

Branches:
Dungeon (3/15)

Altars:
Vehumet


Innate Abilities, Weirdness & Mutations

You are resistant to torment.
Your stone body is resilient. (AC +4)
You are immune to poison.
You resist negative energy. (rN+)
You are resistant to electric shocks. (rElec)
You can survive without breathing.
You are immune to petrification.
You are immune to rotting.


Message History

The orc priest struggles against the net.
You hit the orc priest but do no damage.
The orc priest is moderately wounded.
The orc priest struggles against the net.
You catch the helpless orc priest completely off-guard!
You hit the orc priest.
The orc priest is heavily wounded.
The orc priest struggles against the net.
The net rips apart, and the orc priest comes free!
You hit the orc priest but do no damage.
The orc priest is moderately wounded.
The orc priest miscasts a cantrip.
You hit the orc priest but do no damage.
The orc priest is moderately wounded.
The orc priest hits you but does no damage.
You hit the orc priest.
The orc priest is severely wounded.
The orc priest mumbles some strange prayers to Beogh against you.
Beogh smites you!
You die...

#########.#.#
#
........>##.#
.#######.##.#
#.##.#
######....#
#.#........##
...........#
...........#
....####@###
..# #o# .
#.o.......
#.........
#.........
#.........
..........
..........
#..........


You could see an orc priest and an orc.

Vanquished Creatures
  2 orc priests (D:3)
  An orc wizard (D:3)
  Jessica (D:2)
  3 adders
  2 dart slugs (D:1)
  4 leopard geckos
  3 orcs (D:3)
  5 giant cockroaches
  5 goblins
  4 hobgoblins
  8 jackals
  6 kobolds
  4 ball pythons
  8 bats
  6 frilled lizards
  9 rats
71 creatures vanquished.

Notes
Turn   | Place    | Note
-------+----------+-------------------------------------------
     0 | D:1      | Borgoz the Gargoyle Gladiator began the quest for the Orb.
     0 | D:1      | Reached XP level 1. HP: 12/12 MP: 1/1
    80 | D:1      | Reached XP level 2. HP: 10/17 MP: 2/2
   290 | D:1      | Reached skill level 3 in Short Blades
   475 | D:1      | Reached XP level 3. HP: 22/22 MP: 3/3
   723 | D:1      | Reached skill level 1 in Stealth
   741 | D:2      | Noticed Jessica
   798 | D:2      | Killed Jessica
   798 | D:2      | Reached skill level 1 in Armour
   798 | D:2      | Reached XP level 4. HP: 7/27 MP: 4/4
  1108 | D:2      | Found a radiant altar of Vehumet.
  1254 | D:2      | Found a faded altar of an unknown god.
  1546 | D:3      | Reached XP level 5. HP: 22/32 MP: 5/5
  1896 | D:3      | Reached skill level 4 in Short Blades
  2006 | D:3      | Killed from afar by an orc priest

Skill      XL: |  1  2  3  4  5 |
---------------+----------------+-----
Short Blades   | 3 4 |  4.0
Stealth        | 1 2 |  2.0
Armour         | 1 |  1.9
Dodging        | 3 |  3.4
Fighting       | 3 |  3.1
Throwing       | |  1.7

Action                   |  1- 3 |  4- 6 || total
-------------------------+-------+-------++-------
Melee: Rapier            |   119 |   116 ||   235
Throw: Throwing net      |       |     3 ||     3
  Use: Potion            |     1 |     5 ||     6
 Stab: Sleeping          |     1 |     1 ||     2
       Held in net/web   |       |     3 ||     3
  Eat: Chunk             |       |     4 ||     4
Armor: Leather armour    |    69 |    33 ||   102
Dodge: Dodged            |   121 |   124 ||   245
